BR
INDIAN HILLS VOODOO @ LONG BEACH KO
09/05/2026
 
TOP OF THE 1ST
Indian Hills Voodoo batting - Pitching for Long Beach KO : RHP Vincent Davis
Pitching: RHP Vincent Davis
Batting: LHB Amlak Saitoti 0-0: DOUBLE (Line Drive, 9LM)
Batting: SHB Roberto Franco 0-0: Called Strike
0-1: Ball
1-1: Ball
2-1: Called Strike
2-2: Strikes out swinging
Batting: RHB Félix Guillén 0-0: Called Strike
0-1: Foul Ball, location: 2F
0-2: Ball
1-2: Ball
2-2: Foul Ball, location: 2F
2-2: DOUBLE (Popup, 3D)
Amlak Saitoti scores
Batting: SHB Sean Moody 0-0: Ball
1-0: Called Strike
1-1: Ball
2-1: Swinging Strike
2-2: Strikes out swinging
Batting: RHB Glen MacDonald 0-0: Called Strike
0-1: Ball
1-1: Ball
2-1: Foul Ball, location: 2F
2-2: Fly out, F2 (Popup, 23F)
Top of the 1st over - 1 run(s), 2 hit(s), 0 error(s), 1 left on base; Indian Hills 1 - Long Beach 0
BOTTOM OF THE 1ST
Long Beach KO batting - Pitching for Indian Hills Voodoo : RHP Enrique Boyd
Pitching: RHP Enrique Boyd
Batting: RHB Ben Simpson 0-0: Fly out, F4 (Popup, 34)
Batting: RHB Robert Stevens 0-0: Called Strike
0-1: Called Strike
0-2: Foul Ball, location: 2F
0-2: Ball
1-2: Ball
2-2: Ball
3-2: Base on Balls
Batting: LHB Walt Brown 0-0: Called Strike
0-1: Fielders Choice at 2nd, 1-6 (Groundball, 13S)
Batting: RHB Jorge Molina 0-0: Ball
1-0: Fly out, F2 (Popup, 2RF)
Bottom of the 1st over - 0 run(s), 0 hit(s), 0 error(s), 1 left on base; Indian Hills 1 - Long Beach 0
TOP OF THE 2ND
Indian Hills Voodoo batting - Pitching for Long Beach KO : RHP Vincent Davis
Batting: RHB Fred Moulds 0-0: Swinging Strike
0-1: Reached on error, E5 (Groundball, 5)
Batting: SHB Kenneth Cruz 0-0: Called Strike
0-1: Swinging Strike
0-2: Fly out, F7 (Flyball, 7M)
Batting: RHB Bobby Hulsey 0-0: Ball
1-0: Called Strike
1-1: Foul Ball, location: 2F
1-2: Ball
2-2: Foul Ball, location: 2F
2-2: Ball
3-2: Foul Ball, location: 2F
3-2: Reached on Error, E9 (Flyball, 9LM)
Fred Moulds to third
Batting: RHB Bob McDonald 0-0: Called Strike
0-1: Ball
1-1: Called Strike
1-2: 3-RUN HOME RUN (Flyball, 78XD), Distance : 430 ft
Batting: LHB Amlak Saitoti 0-0: Ball
1-0: Fly out, F7 (Line Drive, 78M)
Batting: SHB Roberto Franco 0-0: Foul Ball, location: 2F
0-1: Ball
1-1: Called Strike
1-2: Ball
2-2: Ball
3-2: Strikes out swinging
Top of the 2nd over - 3 run(s), 1 hit(s), 2 error(s), 0 left on base; Indian Hills 4 - Long Beach 0
BOTTOM OF THE 2ND
Long Beach KO batting - Pitching for Indian Hills Voodoo : RHP Enrique Boyd
Batting: RHB Scott Wise 0-0: Called Strike
0-1: Ball
1-1: Ball
2-1: Ball
3-1: Foul Ball, location: 2F
3-2: Fly out, F4 (Popup, 4D)
Batting: RHB Kenny Pruitt 0-0: SINGLE (Line Drive, 9S)
Batting: RHB Juan Rodríguez 0-0: Foul Ball, location: 2F
0-1: Ball
1-1: Ball
2-1: Swinging Strike
2-2: Strikes out swinging
Batting: RHB Francisco López 0-0: Foul Ball, location: 2F
0-1: Ground out 6-3 (Groundball, 6)
Bottom of the 2nd over - 0 run(s), 1 hit(s), 0 error(s), 1 left on base; Indian Hills 4 - Long Beach 0
TOP OF THE 3RD
Indian Hills Voodoo batting - Pitching for Long Beach KO : RHP Vincent Davis
Batting: RHB Félix Guillén 0-0: Ball
1-0: Ground out 1-3 (Groundball, 15)
Batting: SHB Sean Moody 0-0: Ball
1-0: Ball
2-0: Fly out, F7 (Flyball, 78M)
Batting: RHB Glen MacDonald 0-0: Called Strike
0-1: Fly out, F4 (Popup, 4D)
Top of the 3rd over - 0 run(s), 0 hit(s), 0 error(s), 0 left on base; Indian Hills 4 - Long Beach 0
BOTTOM OF THE 3RD
Long Beach KO batting - Pitching for Indian Hills Voodoo : RHP Enrique Boyd
Batting: RHB Juan Herrera 0-0: Ball
1-0: Foul Ball, location: 2F
1-1: Swinging Strike
1-2: Strikes out swinging
Batting: RHB Ben Simpson 0-0: Ground out 6-3 (Groundball, 6)
Batting: RHB Robert Stevens 0-0: Ball
1-0: Ball
2-0: Swinging Strike
2-1: Fly out, F8 (Flyball, 8LM)
Bottom of the 3rd over - 0 run(s), 0 hit(s), 0 error(s), 0 left on base; Indian Hills 4 - Long Beach 0
TOP OF THE 4TH
Indian Hills Voodoo batting - Pitching for Long Beach KO : RHP Vincent Davis
Batting: RHB Fred Moulds 0-0: Called Strike
0-1: Ball
1-1: Reached on error, E1 (Groundball, 25)
Batting: SHB Kenneth Cruz 0-0: Ball
1-0: Ball
2-0: Called Strike
2-1: DOUBLE (Flyball, 8RM)
Fred Moulds scores
Batting: RHB Bobby Hulsey 0-0: Called Strike
0-1: Ball
1-1: Ground out 5-3 (Groundball, 56)
Batting: RHB Bob McDonald 0-0: Ball
1-0: Called Strike
1-1: Ball
2-1: Swinging Strike
2-2: Reached on error, E5 (Groundball, 56)
Kenneth Cruz to third
Batting: LHB Amlak Saitoti 0-0: Foul Ball, location: 2F
0-1: Ball
1-1: Ball
2-1: Foul Ball, location: 2F
2-2: Foul Ball, location: 2F
2-2: Ball
3-2: Foul Ball, location: 2F
3-2: Foul Ball, location: 2F
3-2: Base on Balls
Bob McDonald to second
Batting: SHB Roberto Franco 0-0: Ball
1-0: Called Strike
1-1: Called Strike
1-2: Strikes out looking
Pitching: LHP Leonard Simmons
Batting: RHB Félix Guillén 0-0: Ball
1-0: SINGLE (Line Drive, 7S)
Kenneth Cruz scores
Bob McDonald to third
Amlak Saitoti to second
Runner from 3rd tries for Home, SAFE, no throw or cutoff
Batting: SHB Sean Moody 0-0: Called Strike
0-1: Fly out, F8 (Flyball, 8LM)
Top of the 4th over - 3 run(s), 2 hit(s), 2 error(s), 2 left on base; Indian Hills 7 - Long Beach 0
BOTTOM OF THE 4TH
Long Beach KO batting - Pitching for Indian Hills Voodoo : RHP Enrique Boyd
Batting: LHB Walt Brown 0-0: Ball
1-0: Ball
2-0: Fly out, F7 (Flyball, 78M)
Batting: RHB Jorge Molina 0-0: Ball
1-0: SINGLE (Line Drive, 56)
Batting: RHB Scott Wise 0-0: Ball
1-0: Swinging Strike
1-1: Called Strike
1-2: Ball
2-2: SINGLE (Flyball, 9LS)
Jorge Molina to second
Runner from 2nd tries for 3rd, SAFE, throw made to third
Batting: RHB Kenny Pruitt 0-0: Ball
1-0: Ball
2-0: Ball
3-0: Called Strike
3-1: Swinging Strike
3-2: Strikes out swinging
Scott Wise is caught stealing 2nd base
Batter strikes out.
Bottom of the 4th over - 0 run(s), 2 hit(s), 0 error(s), 1 left on base; Indian Hills 7 - Long Beach 0
TOP OF THE 5TH
Indian Hills Voodoo batting - Pitching for Long Beach KO : LHP Leonard Simmons
Batting: RHB Glen MacDonald 0-0: Ball
1-0: Ground out 6-3 (Groundball, 6)
Batting: RHB Fred Moulds 0-0: Ball
1-0: Ball
2-0: Ball
3-0: Called Strike
3-1: Foul Ball, location: 2F
3-2: Base on Balls
Batting: SHB Kenneth Cruz 0-0: Ball
1-0: Swinging Strike
1-1: SINGLE (Groundball, 3) (infield hit)
Fred Moulds to second
Batting: RHB Bobby Hulsey 0-0: Called Strike
0-1: Ball
1-1: Called Strike
1-2: Ball
2-2: Ball
3-2: Foul Ball, location: 2F
3-2: SINGLE (Line Drive, 5)
Fred Moulds to third
Kenneth Cruz to second
Batting: RHB Bob McDonald 0-0: Ball
1-0: Ball
2-0: Ball
3-0: Base on Balls
Fred Moulds scores
Kenneth Cruz to third
Bobby Hulsey to second
Batting: LHB Amlak Saitoti 0-0: DOUBLE (Popup, 5D)
Kenneth Cruz scores
Bobby Hulsey scores
Bob McDonald to third
Runner from 3rd tries for Home, SAFE, no throw or cutoff
Pitching: RHP Vicente Ibarra
Batting: SHB Roberto Franco 0-0: Called Strike
0-1: Ball
1-1: Ball
Throwing error on steal attempt, E2
Amlak Saitoti scores
2-1: Fly out, F6 (Line Drive, 6)
Batting: RHB Félix Guillén 0-0: Called Strike
0-1: Ball
1-1: Ball
2-1: Fly out, F8 (Flyball, 8RS)
Top of the 5th over - 5 run(s), 3 hit(s), 1 error(s), 0 left on base; Indian Hills 12 - Long Beach 0
BOTTOM OF THE 5TH
Long Beach KO batting - Pitching for Indian Hills Voodoo : RHP Enrique Boyd
Batting: RHB Juan Rodríguez 0-0: Called Strike
0-1: Swinging Strike
0-2: Ball
1-2: Fly out, F3 (Popup, 34)
Batting: RHB Francisco López 0-0: Ball
1-0: Called Strike
1-1: Ground out 5-3 (Groundball, 5S)
Batting: RHB Juan Herrera 0-0: SINGLE (Flyball, 9LM)
Batting: RHB Ben Simpson 0-0: Called Strike
0-1: Swinging Strike
0-2: Ball
1-2: Ball
2-2: Ball
3-2: Strikes out looking
Bottom of the 5th over - 0 run(s), 1 hit(s), 0 error(s), 1 left on base; Indian Hills 12 - Long Beach 0
TOP OF THE 6TH
Indian Hills Voodoo batting - Pitching for Long Beach KO : RHP Vicente Ibarra
Batting: SHB Sean Moody 0-0: Ball
1-0: Foul Ball, location: 2F
1-1: Called Strike
1-2: Fly out, F5 (Popup, 5F)
Batting: RHB Glen MacDonald 0-0: Called Strike
0-1: Ball
1-1: Swinging Strike
1-2: Strikes out swinging
Batting: RHB Fred Moulds 0-0: Ball
1-0: Swinging Strike
1-1: Swinging Strike
1-2: Ball
2-2: Ground out 4-3 (Groundball, 4)
Top of the 6th over - 0 run(s), 0 hit(s), 0 error(s), 0 left on base; Indian Hills 12 - Long Beach 0
BOTTOM OF THE 6TH
Long Beach KO batting - Pitching for Indian Hills Voodoo : RHP Enrique Boyd
Batting: RHB Robert Stevens 0-0: Swinging Strike
0-1: Ball
1-1: Ball
2-1: SINGLE (Groundball, 5D)
Batting: LHB Walt Brown 0-0: Fly out, F8 (Flyball, 8LM)
Batting: RHB Jorge Molina 0-0: Grounds into double play, 6-4-3 (Groundball, 6)
Bottom of the 6th over - 0 run(s), 1 hit(s), 0 error(s), 0 left on base; Indian Hills 12 - Long Beach 0
TOP OF THE 7TH
Indian Hills Voodoo batting - Pitching for Long Beach KO : RHP Vicente Ibarra
Batting: SHB Kenneth Cruz 0-0: Swinging Strike
0-1: Ball
1-1: Ball
2-1: Swinging Strike
2-2: Strikes out swinging
Pitching: RHP Will Robinson
Batting: RHB Bobby Hulsey 0-0: Called Strike
0-1: Ball
1-1: Reached on error, E5 (Groundball, 56S)
Batting: RHB Bob McDonald 0-0: Called Strike
0-1: Ball
1-1: Fly out, F9 (Popup, 3D)
Batting: LHB Amlak Saitoti 0-0: Ball
1-0: Reached on error, E6 (Groundball, 6M)
Bobby Hulsey to third
Batting: SHB Roberto Franco 0-0: Ball
1-0: Fly out, F5 (Line Drive, 5S)
Top of the 7th over - 0 run(s), 0 hit(s), 2 error(s), 2 left on base; Indian Hills 12 - Long Beach 0
BOTTOM OF THE 7TH
Long Beach KO batting - Pitching for Indian Hills Voodoo : RHP Enrique Boyd
Batting: RHB Scott Wise 0-0: Ball
1-0: Foul Ball, location: 2F
1-1: Called Strike
1-2: SINGLE (Flyball, 7S)
Batting: RHB Kenny Pruitt 0-0: Ball
1-0: Swinging Strike
1-1: Foul Ball, location: 2F
1-2: Fly out, F4 (Popup, 4D)
Batting: RHB Juan Rodríguez 0-0: Foul Ball, location: 2F
0-1: Ball
1-1: Grounds into double play, 4-6-3 (Groundball, 4)
Bottom of the 7th over - 0 run(s), 1 hit(s), 0 error(s), 0 left on base; Indian Hills 12 - Long Beach 0
TOP OF THE 8TH
Indian Hills Voodoo batting - Pitching for Long Beach KO : RHP Will Robinson
Batting: RHB Félix Guillén 0-0: Fly out, F6 (Line Drive, 6)
Batting: SHB Sean Moody 0-0: Called Strike
0-1: Ball
1-1: Fly out, F6 (Line Drive, 6)
Batting: RHB Glen MacDonald 0-0: Called Strike
0-1: Ball
1-1: Ball
2-1: Ball
3-1: Ground out U3 (Groundball, 3L)
Top of the 8th over - 0 run(s), 0 hit(s), 0 error(s), 0 left on base; Indian Hills 12 - Long Beach 0
BOTTOM OF THE 8TH
Long Beach KO batting - Pitching for Indian Hills Voodoo : RHP Enrique Boyd
Pitching: RHP Alan Foster
Now at C: Lawrence Davidson
Batting: RHB Francisco López 0-0: Called Strike
0-1: Ball
1-1: Foul Ball, location: 2F
1-2: Ball
2-2: Ball
3-2: Reached on Error, E5 (Popup, 56S)
Batting: RHB Juan Herrera 0-0: Foul Ball, location: 2F
0-1: Foul Ball, location: 2F
0-2: Strikes out swinging
Batting: RHB Ben Simpson 0-0: Grounds into double play, 5-4-3 (Groundball, 5)
Bottom of the 8th over - 0 run(s), 0 hit(s), 1 error(s), 0 left on base; Indian Hills 12 - Long Beach 0
TOP OF THE 9TH
Indian Hills Voodoo batting - Pitching for Long Beach KO : RHP Will Robinson
Batting: RHB Fred Moulds 0-0: Ball
1-0: Ground out 2-3 (Groundball, 23)
Batting: SHB Kenneth Cruz 0-0: Called Strike
0-1: Ball
1-1: Ground out 3-1 (Groundball, 34)
Batting: RHB Bobby Hulsey 0-0: Ball
1-0: Called Strike
1-1: Ball
2-1: Foul Ball, location: 2F
2-2: Fly out, F7 (Flyball, 7M)
Top of the 9th over - 0 run(s), 0 hit(s), 0 error(s), 0 left on base; Indian Hills 12 - Long Beach 0
BOTTOM OF THE 9TH
Long Beach KO batting - Pitching for Indian Hills Voodoo : RHP Alan Foster
Now in CF: Doug Hunt
Now in RF: William Knisley
Batting: RHB Robert Stevens 0-0: Foul Ball, location: 2F
0-1: Swinging Strike
0-2: Strikes out swinging
Batting: LHB Walt Brown 0-0: Fly out, F6 (Popup, 4MD)
Batting: RHB Jorge Molina 0-0: Ball
1-0: Ball
2-0: Ground out 5-3 (Groundball, 56)
Bottom of the 9th over - 0 run(s), 0 hit(s), 0 error(s), 0 left on base; Indian Hills 12 - Long Beach 0
Monday, December 5th, 2016 - OOTP Baseball 17.12 Build 75